 Dungeon Crawl Stone Soup version 0.31-a0-175-g9f7f995f2b (webtiles) character file.

Game seed: 16128620388370874843

156 qw the Chopper (level 5, -1/32 HPs)
             Began as a Gargoyle Fighter on June 17, 2023.
             Slain by an orc wizard
             ... wielding a +0 dagger
              (4 damage)
             ... on level 3 of the Dungeon.
             The game lasted 00:01:27 (2527 turns).

qw the Chopper (Gargoyle Fighter)                   Turns: 2527, Time: 00:01:27

Health: -1/32      AC: 16    Str: 21    XL:     5   Next: 38%
Magic:  5/5        EV:  9    Int:  9    God:
Gold:   104        SH:  4    Dex:  9    Spells: 4/4 levels left

rFire   . . .        Y - +2 war axe
rCold   . . .        c - +0 buckler
rNeg    + . .        b - +0 scale mail
rPois   inf          (no helmet)
rElec   +            a - +0 cloak
rCorr   .            m - +0 pair of gloves
SInv    .            n - +2 pair of boots
Will    .....        (no amulet) Stlth
                     (no ring)
HPRegen 0.25/turn    (no ring)
MPRegen 0.09/turn

%: no passive effects
@: no status effects
A: sickness immunity, AC +4, negative energy resistance 1, electricity
resistance, torment resistance 1, petrification resistance
a: no special abilities


You were on level 3 of the Dungeon.
You visited 1 branch of the dungeon, and saw 3 of its levels.

You collected 104 gold pieces.


Innate Abilities, Weirdness & Mutations

You are immune to sickness and miasma.
Your stone body is resilient. (AC +4)
You are immune to poison.
You resist negative energy. (rN+)
You are resistant to electric shocks. (rElec)
You are resistant to unholy torment.
You are immune to petrification.


   Skills:
 - Level 3.2 Fighting
 + Level 4.9 Axes
 - Level 3.2 Armour
 - Level 3.2 Shields


You had 4 spell levels left.
You didn't know any spells.
Your spell library was empty.

Inventory:

Hand Weapons
 p - a +0 whip
 Y - a +2 war axe (weapon)
Armour
 a - a +0 cloak (worn)
 b - a +0 scale mail (worn)
 c - a +0 buckler (worn)
 m - a +0 pair of gloves (worn)
 n - a +2 pair of boots (worn)
Scrolls
 j - a scroll of identify
Potions
 d - a potion of might
 e - a potion of curing {unknown}
 f - 3 potions of cancellation {unknown}
 h - a potion of degeneration {unknown}
 i - a potion of lignification {unknown}
 l - a potion of magic {unknown}
 o - a potion of mutation {unknown}

Dungeon Overview and Level Annotations

Branches:
Dungeon (3/15)

Altars:
Trog
Vehumet


Message History

The quokka is heavily wounded.
You miss something. The quokka closely misses you.
Something hits you but does no damage.
The quokka bites you but does no damage.
You barely miss the quokka.
The quokka is heavily wounded.
You hit something but do no damage.
The quokka bites you but does no damage.
Something hits you.
You closely miss the quokka.
The quokka is heavily wounded.
You miss something.
The quokka bites you but does no damage.
You hear some strange, mumbled words.
Something tries to affect you, but you resist.
The quokka bites you but does no damage.
Something hits you.
You closely miss the quokka.
The quokka is heavily wounded.
You barely miss something. The quokka barely misses you. Something hits you.
The quokka misses you.
You slash the quokka!
You kill the quokka!
You closely miss something. Something hits you but does no damage.
You barely miss something.
An orc wizard appears from thin air!
Reactivating autopickup.
The orc wizard hits you but does no damage.
You hit the orc wizard but do no damage.
The orc wizard barely misses you. You block the orc wizard's attack.
You miss the orc wizard.
The orc wizard hits you but does no damage.
You barely miss the orc wizard.
The orc wizard hits you but does no damage.
You hit the orc wizard.
The orc wizard is heavily wounded.
The orc wizard hits you but does no damage.
The orc wizard hits you with a +0 dagger.
You die...

....l...g...#
#..##..
####........#####
#####^#
...<............#
#####
.##............#
#.##.
................#
#..##
...#............#
#.... .
#............#
#....
#........)%..#
#....
#........%@..#
#.###
#........o)).#
###..
#............#
##%.. ..........#
##.#..
..........#
#.##..
..........#
#.####
###########
#..### ##..#.
##...


You could see an orc wizard.

Vanquished Creatures
  3 gnolls (D:3)
  5 adders
  A worm (D:3)
  2 dart slugs
  4 orcs (D:3)
  5 endoplasms
  5 giant cockroaches
  5 goblins
  8 hobgoblins
  3 jackals (D:2)
  10 kobolds
  2 quokkas (D:3)
  4 ball pythons
  4 bats
  8 frilled lizards
  5 rats
74 creatures vanquished.

Notes
Turn   | Place    | Note
-------+----------+-------------------------------------------
     0 | D:1      | qw the Gargoyle Fighter began the quest for the Orb.
     0 | D:1      | Reached XP level 1. HP: 14/14 MP: 1/1
     0 | D:1      | 0 ||| qw: Version: 0.3-a-2-g5ab2908
     0 | D:1      | 0 ||| qw: Game counter: 385
     0 | D:1      | 0 ||| qw: Always use a shield: true
     0 | D:1      | 0 ||| qw: God list: Okawaru
     0 | D:1      | 0 ||| qw: Allow faded altars: false
     0 | D:1      | 0 ||| qw: Do Orc after D:15 true
     0 | D:1      | 0 ||| qw: Do second Lair branch before Depths: true
     0 | D:1      | 0 ||| qw: Lair rune preference: random
     0 | D:1      | 0 ||| qw: Plans: Normal, Zot:1-4, Slime:5, God:TSO, Crypt,
                  | Tomb, Abyss, Pan, Hells, Win
     0 | D:1      | 0 ||| PLANNING D:1-11
    17 | D:1      | 17 ||| FLEEEEING.
    18 | D:1      | 18 ||| FLEEEEING.
    19 | D:1      | 19 ||| FLEEEEING.
    41 | D:1      | Reached skill level 2 in Axes
    98 | D:1      | Reached XP level 2. HP: 19/19 MP: 2/2
   350 | D:1      | 350 ||| Stepping ~*~*~tactically~*~*~ (stealth).
   420 | D:1      | 420 ||| Stepping ~*~*~tactically~*~*~ (hiding).
   421 | D:1      | 421 ||| Stepping ~*~*~tactically~*~*~ (hiding).
   422 | D:1      | 422 ||| Stepping ~*~*~tactically~*~*~ (hiding).
   473 | D:1      | 473 ||| Stepping ~*~*~tactically~*~*~ (hiding).
   489 | D:1      | Reached skill level 3 in Axes
   654 | D:1      | You fall into a shaft and drop 1 floor!
   669 | D:2      | 669 ||| Stepping ~*~*~tactically~*~*~ (stealth).
   673 | D:2      | Reached XP level 3. HP: 23/23 MP: 3/3
   737 | D:2      | 737 ||| FLEEEEING.
   738 | D:2      | 738 ||| FLEEEEING.
   739 | D:2      | 739 ||| FLEEEEING.
   740 | D:2      | 740 ||| STAIRDANCE
   844 | D:1      | 844 ||| UPGRADING to +0 pair of gloves.
   849 | D:1      | 849 ||| READING 2 scrolls labelled IFEROJ LUIPLIJ.
   850 | D:1      | 850 ||| READING scroll of enchant weapon.
   850 | D:1      | 850 ||| ENCHANTING +1 war axe.
   851 | D:1      | 851 ||| READING 3 scrolls labelled ROKESU ULUVECY.
   852 | D:1      | 852 ||| READING 2 scrolls labelled BIYRASM GUBOA.
   857 | D:1      | 857 ||| READING 2 scrolls labelled GOL VOFEIKYICI.
   858 | D:1      | 858 ||| DROPPING 2 scrolls of blinking.
   969 | D:2      | 969 ||| Stepping ~*~*~tactically~*~*~ (stealth).
  1154 | D:2      | 1154 ||| UPGRADING to +0 cloak.
  1159 | D:2      | 1159 ||| UPGRADING to +2 pair of boots.
  1165 | D:2      | Found a faded altar of an unknown god.
  1170 | D:2      | 1170 ||| Stepping ~*~*~tactically~*~*~ (hiding).
  1422 | D:2      | Reached XP level 4. HP: 28/28 MP: 4/4
  1465 | D:2      | 1465 ||| READING scroll labelled LIDOCI ZIFEIBE.
  1583 | D:3      | Reached skill level 4 in Axes
  1713 | D:3      | Found a bloodstained altar of Trog.
  1831 | D:3      | 1831 ||| Stepping ~*~*~tactically~*~*~ (hiding).
  1942 | D:3      | 1942 ||| DROPPING +0 club.
  2103 | D:3      | Found a radiant altar of Vehumet.
  2141 | D:3      | 2141 ||| Stepping ~*~*~tactically~*~*~ (hiding).
  2350 | D:3      | HP: 7/28 [gnoll/+0 flail (2)]
  2351 | D:3      | 2351 ||| READING scroll of teleportation.
  2501 | D:3      | Reached XP level 5. HP: 19/32 MP: 5/5
  2513 | D:3      | HP: 6/32 [something/magic dart (3)]
  2519 | D:3      | HP: 4/32 [something (3)]
  2521 | D:3      | HP: 1/32 [something (3)]
  2527 | D:3      | Slain by an orc wizard

Levels and vault maps discovered:
D:1:      dpeg_arrival_solitude, layout_loops_ring
D:2:      cheibrodos_helix_gallery, layout_basic,
          shapermc_ecumenical_altar_notcrosses
D:3:      layout_basic, trog_butcher_becter, mainiacjoe_overflow_alcove_1,
          wander_ebering_terrifying_dragon_lair

Skill      XL: |  1  2  3  4 |
---------------+-------------+-----
Axes           | 2 3 4 |  4.9
Fighting       | |  3.2
Armour         | |  3.2
Shields        | |  3.2

Action                     |  1- 3 |  4- 6 || total
---------------------------+-------+-------++-------
  Melee: War axe           |   109 |    96 ||   205
    Use: Scroll            |     5 |     2 ||     7
 Armour: Scale mail        |    44 |    91 ||   135
  Dodge: Dodged            |    43 |    86 ||   129
  Block: Buckler           |    13 |    18 ||    31

Table legend:
 A = Non-vault XP
 B = Vault XP
 C = Vault XP percentage of total XP
 D = Non-vault monster count
 E = Vault monster count
 F = Vault count percentage of total count
                 A         B        C        D         E       F
            +---------+---------+-------+---------+---------+-------
      Total |     213 |      11 |   4.9 |      67 |       7 |   9.5
            +---------+---------+-------+---------+---------+-------
        D:1 |      33 |       0 |   0.0 |      21 |       0 |   0.0
        D:2 |      46 |       3 |   6.1 |      21 |       2 |   8.7
        D:3 |     134 |       8 |   5.6 |      25 |       5 |  16.7
            +---------+---------+-------+---------+---------+-------
